 Dungeon Crawl Stone Soup version 0.21-a0-137-g951aa02 (webtiles) character file.

10049 namelastname112 the Transmogrifier (level 11, 0/75 HPs)
             Began as a Felid Chaos Knight on July 18, 2017.
             Succumbed to a spiny frog's poison
             ... on level 4 of the Lair of Beasts.
             The game lasted 00:43:03 (20760 turns).

namelastname112 the Transmogrifier (FeCK)          Turns: 20760, Time: 00:43:03

Health: 0/75       AC: 25    Str: 12 (13) XL:     11   Next: 31%
Magic:  25/25      EV:  4    Int: 14      God:    Xom [*.....]
Gold:   396        SH:  0    Dex: 23      Spells: 18/29 levels left
                                        Lives:  0   Deaths: 2

rFire    . . .     SeeInvis +     - Unarmed
rCold    . . .     Gourm    .   (shield unavailable)
rNeg     + + +     Faith    .   (armour unavailable)
rPois    +         Spirit   .   (helmet unavailable)
rElec    .         Reflect  .   (cloak unavailable)
rCorr    .         Harm     .   (gloves unavailable)
MR       +....     NoTele   +   (boots unavailable)
Stlth    ++++++....             e - amulet of rage
HPRegen  0.22/turn              m - ring of flight
MPRegen  0.19/turn              E - ring of stealth

@: mighty, lethally poisoned (0 -> -6), tree-form
A: no armour, no weapons or thrown items, stealth, thin skeletal structure 1,
see invisible, agile 2, carnivore 3, dopey 1, slow metabolism 1, MP-powered
wands
a: Renounce Religion, Evoke Berserk Rage


You were on level 4 of the Lair of Beasts.
You worshipped Xom.
You were a special plaything of Xom.
You were completely stuffed.
You were a tree.
You visited 2 branches of the dungeon, and saw 15 of its levels.

You collected 1463 gold pieces.
You spent 1067 gold pieces at shops.

Inventory:

Jewellery
 e - an amulet of rage (around neck)
 g - an uncursed amulet of the gourmand {unknown}
 h - an uncursed amulet of harm {unknown}
 m - a ring of flight (left branch)
 y - an uncursed amulet of regeneration {unknown}
 E - a ring of stealth (right branch)
 R - an uncursed ring of ice
Wands
 q - a wand of iceblast (0/15)
 r - a wand of clouds (0/9)
 t - a wand of random effects (5/48)
 v - a wand of digging (16/24)
 B - a wand of random effects (5/48)
 C - a wand of digging (13/24)
 N - a wand of enslavement (7/24)
 U - a wand of digging (9/24)
Scrolls
 b - a scroll of magic mapping
 c - 6 scrolls of remove curse
 d - a scroll of amnesia
 i - 2 scrolls of teleportation
 l - a scroll of enchant weapon
 u - 2 scrolls of blinking
 A - a scroll of recharging
 H - a scroll of fear
Potions
 f - 2 potions of cancellation
 j - 4 potions of haste
 n - 2 potions of agility
 w - 4 potions of brilliance
 x - 3 potions of magic
 D - a potion of might
 G - 3 potions of flight
 J - a potion of ambrosia {unknown}
 L - a potion of resistance {unknown}
 M - 2 potions of berserk rage
Books
 o - a book of Cantrips

   Spells                             Type                      Level
   a - Confusing Touch                Hexes                        1
   b - Animate Skeleton               Necromancy                   1
   c - Summon Small Mammal            Summoning                    1
   d - Apportation                    Translocation                1
 K - a book of Transfigurations

   Spells                             Type                      Level
   a - Irradiate                      Conjuration/Transmutation    5
   b - Statue Form                    Transmutation/Earth          6
   c - Hydra Form                     Transmutation                6
   d - Dragon Form                    Transmutation                7
 Q - a book of Conjurations

   Spells                             Type                      Level
   a - Magic Dart                     Conjuration                  1
   b - Searing Ray                    Conjuration                  2
   c - Dazzling Spray                 Conjuration/Hexes            3
   d - Fulminant Prism                Conjuration/Hexes            4
   e - Force Lance                    Conjuration/Translocation    4
   f - Iskenderun's Mystic Blast      Conjuration                  4
 S - a book of Beasts

   Spells                             Type                      Level
   a - Summon Butterflies             Summoning                    1
   b - Call Canine Familiar           Summoning                    3
   c - Summon Ice Beast               Ice/Summoning                4
   d - Summon Mana Viper              Hexes/Summoning              5
   e - Summon Hydra                   Summoning                    7
 T - a book of Air

   Spells                             Type                      Level
   a - Shock                          Conjuration/Air              1
   b - Swiftness                      Charms/Air                   2
   c - Static Discharge               Conjuration/Air              3
   d - Airstrike                      Air                          4
   e - Lightning Bolt                 Conjuration/Air              5
Miscellaneous
 F - a box of beasts
 P - a fan of gales
Comestibles
 a - 11 meat rations
 k - 21 royal jellies


   Skills:
 - Level 7.6 Fighting
 - Level 9.5 Dodging
 - Level 9.6 Stealth
 - Level 8.0 Unarmed Combat
 + Level 9.6 Spellcasting
 - Level 7.7 Hexes
 * Level 11.1 Transmutations
 - Level 3.1 Evocations


You had 18 spell levels left.
You knew the following spells:

 Your Spells              Type           Power        Failure   Level  Hunger
a - Confusing Touch       Hex            ####..       1%          1    None
b - Dragon Form           Tmut           #####.....   67%         7    #######
x - Dazzling Spray        Conj/Hex       ###...       7%          3    #......


Dungeon Overview and Level Annotations

Branches:
Dungeon (11/15)            Temple (0/1) D:6            Lair (4/6) D:8
    Orc (0/2) D:11
  Swamp: Lair:2-4    Shoals: Lair:2-4     Snake: Lair:2-4    Spider: Lair:2-4

Altars:
Elyvilon
Fedhas
Gozag
Hepliaklqana
Kikubaaqudgha
Nemelex Xobeh
Qazlal
Ru
Trog
Wu Jian
Xom
The Shining One

Shops:
D:7 }}!(   D:9 ?*:   D:11 *

Annotations:
Lair:3 Gastronok


Innate Abilities, Weirdness & Mutations

You cannot wear armour.
You are incapable of wielding weapons or throwing items.
Your paws allow you to move quietly. (Stealth)
((You have sharp claws.))
((You have razor-sharp teeth.))
You have supernaturally acute eyesight. (SInv)
You are carnivorous and can eat meat at any time.
((You cover ground quickly.))
((You are covered in thick fur. (AC +2)))
You have a slow metabolism.
((Your sharp claws are effective at attacking unaware monsters.))
((You are partially covered in iridescent scales. (AC +2)))
You have a somewhat thin skeletal structure. (Dex +2, Stealth)
You are very agile. (Dex +4)
((You can translocate small distances at will.))
You are dopey. (Int -2)
((Your flesh is heat resistant. (rF+)))
You expend magic power (3 MP) to strengthen your wands.


Message History

* * * LOW HITPOINT WARNING * * *
You feel sick.
You turn into a tree.
Your roots penetrate the ground.
You feel sick.
The water moccasin bites you but does no damage.
The water moccasin bites you.
* * * LOW HITPOINT WARNING * * *
You now have 6/75 hp.
It was a potion of might.
You feel very mighty all of a sudden.
Xom thinks this is hilarious!
* * * LOW HITPOINT WARNING * * *
You feel sick. The water moccasin bites you.
* * * LOW HITPOINT WARNING * * *
You take 5 damage, and have 1/75 hp.
You cannot move.
Okay, then.
You pummel the water moccasin!!
You kill the water moccasin!
You die...
Xom laughs nastily!

..#.# #.....#####.#..
....#..#.#..............
........................
........................
............F...........
........................
..#####.##.....#.##..##.
..####.#.##....†### #
..##.....##....#♣.#
...#......#....+.....#
..##................P.#
..##.....##.$...........
...#.....##.....#...##P.
..........#....###.## .
...####...#.....# ..#
....###..##.....# +#.
..................


You could see a spiny frog (confused).

Vanquished Creatures
  3 hydras
  4 two-headed ogres
  4 black mambas
  Maurice (D:8)
  A spiny frog (Lair:2)
  2 komodo dragons
  3 blink frogs (Lair:2)
  7 hippogriffs
  Sigmund (D:4)
  26 yaks
  2 basilisks (Lair:3)
  A steam dragon (D:9)
  6 water moccasins
  7 porcupines
  3 orc warriors
  2 sky beasts
  5 black bears
  2 ice beasts
  5 wolves (Lair:1)
  3 necrophages
  2 centaurs
  3 ogres
  11 crocodiles
  2 big kobolds
  10 bullfrogs
  A wyvern skeleton (D:7)
  2 scorpions (D:8)
  An electric eel (Lair:3)
  A howler monkey (D:5)
  5 crimson imps
  2 bullfrog zombies
  2 centaur skeletons
  2 jellies
  7 hounds
  7 orc priests
  2 bullfrog skeletons
  12 orc wizards
  Crazy Yiuf (D:2)
  5 iguanas
  7 worker ants
  A worker ant zombie (D:11)
  6 gnolls
  13 adders
  A howler monkey skeleton (D:3)
  3 shadow imps
  An ooze (D:3)
  An adder skeleton (D:4)
  5 worms
  8 dart slugs
  4 leopard geckos
  40 orcs
  A ball python (D:9)
  10 giant cockroaches
  13 goblins
  13 hobgoblins
  11 jackals
  5 quokkas
  8 bats
  8 frilled lizards
  12 kobolds
  2 leopard gecko skeletons
  2 leopard gecko zombies
  12 rats
  A butterfly (D:9)
354 creatures vanquished.

Vanquished Creatures (collateral kills)
  Harold (D:10)
  Fannar (D:11)
  A two-headed ogre (D:8)
  4 yaks
  A hungry ghost (D:11)
  A crocodile (D:8)
  An orc wizard (D:4)
  A worker ant (D:4)
  An adder (D:10)
  2 orcs
  A hobgoblin (D:1)
  A kobold (D:3)
16 creatures vanquished.

Vanquished Creatures (others)
  A yak (Lair:2)
  46 bushes (Lair:2)
  34 fungi
  16 plants (D:8)
97 creatures vanquished.

Grand Total: 467 creatures vanquished

Notes
Turn   | Place    | Note
-------+----------+-------------------------------------------
     0 | D:1      | namelastname112 the Felid Chaos Knight began the quest for the Orb.
     0 | D:1      | Reached XP level 1. HP: 10/10 MP: 2/2
    70 | D:1      | Reached XP level 2. HP: 14/14 MP: 3/3
   402 | D:1      | XOM: harmless Erth miscast
   425 | D:1      | Reached skill level 1 in Stealth
   515 | D:1      | XOM: butterfly on damage
  1111 | D:1      | XOM: cloud trail
  1176 | D:1      | XOM: butterfly on damage
  1309 | D:1      | XOM: god gift: bubbling purple potion {god gift}
  1458 | D:1      | XOM: mild Tloc miscast
  1502 | D:1      | XOM: give mutations
  1502 | D:1      | Gained mutation: You are partially covered in molten scales. (AC +2) [Xom's grace]
  1502 | D:1      | Gained mutation: You are mostly covered in molten scales. (AC +3) [Xom's grace]
  1502 | D:1      | Gained mutation: You are agile. (Dex +2) [Xom's grace]
  1502 | D:1      | Gained mutation: Your flesh is heat resistant. (rF+) [Xom's grace]
  1658 | D:1      | Reached XP level 3. HP: 17/17 MP: 4/4
  1867 | D:1      | XOM: god gift: 2 scrolls labeled MOLICE FENA {god gift}
  2157 | D:2      | XOM: fog
  2319 | D:2      | XOM: give mutations
  2319 | D:2      | Gained mutation: You have an increased reservoir of magic. (+10% MP) [Xom's grace]
  2319 | D:2      | Gained mutation: Your flesh is very heat resistant. (rF++) [Xom's grace]
  2349 | D:2      | Found a runed door.
  2374 | D:2      | Noticed Crazy Yiuf
  2383 | D:2      | Killed Crazy Yiuf
  2383 | D:2      | Reached XP level 4. HP: 21/21 MP: 4/6
  2426 | D:2      | Found a white marble altar of Elyvilon.
  2515 | D:2      | XOM: divination: magic mapping
  2517 | D:2      | Reached skill level 1 in Evocations
  2792 | D:3      | Reached XP level 5. HP: 24/24 MP: 7/7
  3276 | D:3      | XOM: summons friendly quasit
  3279 | D:3      | Gained mutation: You are covered in thick fur. (AC +2) [Felid growth]
  3279 | D:3      | Reached XP level 6. HP: 28/28 MP: 9/9
  3340 | D:3      | XOM: polymorph quasit -> crimson imp
  3349 | D:3      | XOM: 1-stop teleportation journey
  4351 | D:4      | Noticed Sigmund
  4364 | D:4      | Killed Sigmund
  4364 | D:4      | Reached skill level 5 in Dodging
  4364 | D:4      | Reached skill level 5 in Unarmed Combat
  4500 | D:4      | Reached XP level 7. HP: 32/32 MP: 11/11
  4627 | D:4      | XOM: god gift: bread ration
  4839 | D:4      | XOM: 2-stop teleportation journey
  4918 | D:4      | XOM: give mutations
  4918 | D:4      | Gained mutation: You are very agile. (Dex +4) [Xom's grace]
  4918 | D:4      | Gained mutation: Your muscles are strong. (Str +2) [Xom's grace]
  4992 | D:4      | Learned a level 1 spell: Confusing Touch
  5083 | D:4      | XOM: scenery: create altars
  5205 | D:4      | XOM: scenery: 1 doors close
  5395 | D:5      | Entered Level 5 of the Dungeon
  5411 | D:5      | XOM: 3-stop teleportation journey
  5456 | D:5      | Reached skill level 1 in Spellcasting
  5456 | D:5      | Reached skill level 1 in Hexes
  5500 | D:5      | XOM: give mutation
  5500 | D:5      | Gained mutation: You can translocate small distances at will. [Xom's grace]
  5592 | D:5      | XOM is BORED!
  5592 | D:5      | XOM: summons 3 hostile shadow creatures
  5603 | D:5      | XOM: fog
  5610 | D:5      | XOM: confuse monster(s)
  5626 | D:5      | XOM: cleaving
  5720 | D:5      | XOM: 9-stop teleportation journey
  5958 | D:5      | XOM: scenery: create altars
  5965 | D:5      | Reached XP level 8. HP: 36/36 MP: 13/13
  6275 | D:6      | Found a glowing golden altar of the Shining One.
  6308 | D:6      | Found a staircase to the Ecumenical Temple.
  6365 | D:6      | Reached skill level 5 in Stealth
  6371 | D:6      | XOM: stat loss: -1 Dex (19/20)
  6469 | D:6      | Found an ancient bone altar of Kikubaaqudgha.
  6682 | D:6      | Found a faded altar of an unknown god.
  6682 | D:6      | Found a hazy altar of Hepliaklqana.
  6687 | D:6      | Found an opulent altar of Gozag.
  6689 | D:6      | Found an ornate altar of the Wu Jian Council.
  6691 | D:6      | Found a faded altar of an unknown god.
  6738 | D:6      | XOM: summons 3 hostile demons
  6918 | D:6      | Found a sacrificial altar of Ru.
  6926 | D:6      | Found a sparkling altar of Nemelex Xobeh.
  6927 | D:6      | Found a blossoming altar of Fedhas.
  6988 | D:6      | XOM: harmless Necr miscast
  7276 | D:6      | XOM: mild Tloc miscast
  7418 | D:7      | Found a stormy altar of Qazlal.
  7581 | D:7      | Found Evvisepu's Distillery.
  7589 | D:7      | Bought a potion of heal wounds for 55 gold pieces
  7589 | D:7      | Bought a potion of curing for 33 gold pieces
  7589 | D:7      | Bought a potion of curing for 33 gold pieces
  7645 | D:7      | Reached skill level 5 in Fighting
  7727 | D:7      | Found Xepyski's Antique Weapon Shoppe.
  7816 | D:7      | Found Feikhys's Gadget Shoppe.
  7835 | D:7      | XOM: scenery: 2 doors open, 1 doors close
  7949 | D:7      | XOM: polymorph gnoll -> hobgoblin
  8005 | D:7      | Found Cihapesch's Gadget Emporium.
  8229 | D:7      | Reached skill level 5 in Hexes
  8373 | D:7      | XOM: enchant monster (bad)
  8479 | D:8      | Found a bloodstained altar of Trog.
  8480 | D:8      | Noticed a two-headed ogre
  8493 | D:8      | Killed a two-headed ogre
  8493 | D:8      | Reached XP level 9. HP: 30/40 MP: 15/18
  8540 | D:8      | XOM: god gift: 3 tomahawks of returning
  8603 | D:8      | Noticed a two-headed ogre
  8618 | D:8      | XOM: confuse monster(s)
  8727 | D:8      | Found a staircase to the Lair.
  8727 | D:8      | XOM: 2-stop teleportation journey
  8758 | D:7      | Reached skill level 5 in Spellcasting
  8763 | D:7      | XOM: smoke on damage
  8982 | D:8      | Noticed a two-headed ogre
  8984 | D:8      | XOM: fog
  8995 | D:8      | XOM: polymorph orc warrior -> orc warrior
  8997 | D:8      | Killed a two-headed ogre
  9257 | D:8      | Noticed Maurice
  9273 | D:8      | Killed Maurice
  9480 | D:8      | XOM: cast spell 'Summon Butterflies'
  9486 | D:8      | XOM: divination: detect creatures
  9491 | D:8      | Reached XP level 10. HP: 35/45 MP: 21/21
  9665 | D:8      | XOM: mild Necr miscast
  9696 | D:8      | XOM: chaos upgrade
  9705 | D:8      | XOM: summons friendly iron imp
  9720 | D:8      | Killed a two-headed ogre
  9827 | D:8      | XOM: swap monsters
 10036 | D:8      | XOM: harmless Fire miscast
 10255 | D:8      | XOM: mild Summ miscast
 10307 | D:8      | XOM: cloud trail
 10467 | D:8      | XOM: potion effect (might)
 10514 | D:8      | XOM: harmless Conj miscast
 10539 | D:9      | Found Homuig's Magic Scroll Shop.
 10583 | D:9      | XOM: polymorph butterfly -> ball python
 10585 | D:9      | Found a shimmering altar of Xom.
 10622 | D:9      | Found Naahin's Book Boutique.
 10630 | D:9      | Found a glowing golden altar of the Shining One.
 10657 | D:9      | XOM: god gift: runed ring mail {god gift}
 10779 | D:9      | XOM: mild Hex miscast
 10779 | D:9      | XOM: butterfly on damage
 10779 | D:9      | XOM: smoke on damage
 11001 | D:9      | XOM: mild Tloc miscast
 11077 | D:9      | XOM: give mutations
 11077 | D:9      | Gained mutation: You evolve. [Xom's mischief]
 11077 | D:9      | Lost mutation: Your flesh is very heat resistant. (rF++) [Xom's mischief]
 11077 | D:9      | Gained mutation: Your body sometimes deteriorates upon taking damage. [Xom's mischief]
 11077 | D:9      | Lost mutation: You are mostly covered in molten scales. (AC +3) [Xom's mischief]
 11154 | D:9      | XOM: confusion
 11248 | D:9      | XOM: scenery: create altars
 11708 | D:9      | Found Ithraphi's Assorted Antiques.
 11727 | D:9      | Noticed a two-headed ogre
 11753 | D:9      | Killed a two-headed ogre
 12100 | D:10     | Entered Level 10 of the Dungeon
 12100 | D:10     | Noticed Harold
 12124 | D:10     | XOM: divination: detect creatures
 12131 | D:10     | XOM: confuse monster(s)
 12217 | D:9      | XOM: harmless Air miscast
 12226 | D:9      | XOM: noise
 12374 | D:10     | XOM: enchant monster (good)
 12412 | D:10     | Killed Harold
 12412 | D:10     | Reached XP level 11. HP: 21/50 MP: 24/24
 12549 | D:10     | XOM: give mutations
 12549 | D:10     | Gained mutation: You have a somewhat thin skeletal structure. (Dex +2, Stealth) [Xom's grace]
 12549 | D:10     | Gained mutation: Your muscles are very strong. (Str +4) [Xom's grace]
 12549 | D:10     | Gained mutation: You are partially covered in iridescent scales. (AC +2) [Xom's grace]
 12640 | D:10     | XOM: god gift: short runed staff {god gift}
 12841 | D:10     | XOM: fog
 12875 | D:10     | XOM: god gift: 370 gold pieces
 12898 | D:10     | XOM: 3-stop teleportation journey
 12990 | D:9      | Bought a book of Transfigurations for 880 gold pieces
 12998 | D:9      | Learned a level 7 spell: Dragon Form
 13160 | D:10     | Reached skill level 1 in Transmutations
 13266 | D:11     | Reached skill level 2 in Transmutations
 13444 | D:11     | XOM: destruction
 13461 | D:11     | Found a staircase to the Orcish Mines.
 13469 | D:11     | Found Reismam's Assorted Antiques.
 13479 | D:11     | Bought 2 bubbling yellow potions for 66 gold pieces
 13638 | D:11     | Reached skill level 3 in Transmutations
 13732 | D:11     | Noticed a seven-headed hydra
 13739 | D:11     | Killed a seven-headed hydra
 13739 | D:11     | Reached skill level 4 in Transmutations
 13777 | D:11     | Noticed a two-headed ogre
 13796 | D:11     | Killed a two-headed ogre
 13868 | D:11     | Reached skill level 5 in Transmutations
 13980 | D:11     | Noticed Fannar
 13992 | D:11     | Killed Fannar
 14239 | Lair:1   | Entered Level 1 of the Lair of Beasts
 14255 | Lair:1   | XOM: cleaving
 14298 | Lair:1   | Reached skill level 6 in Transmutations
 14507 | Lair:1   | XOM: divination: detect items
 14527 | Lair:1   | XOM: noise
 14606 | Lair:1   | XOM: noise
 14625 | Lair:1   | XOM: blink monster(s)
 14632 | Lair:1   | XOM: 2-stop teleportation journey
 14664 | Lair:1   | XOM: enchant monster (bad)
 14879 | Lair:1   | Lost mutation: Your body sometimes deteriorates upon taking damage. [evolution]
 15034 | Lair:1   | XOM: summons 1 hostile shadow creature
 15053 | Lair:1   | XOM: blink monster(s)
 15064 | Lair:1   | XOM: summons 4 friendly demons
 15070 | Lair:1   | XOM: summons friendly quasit
 15074 | Lair:1   | XOM: fog
 15088 | Lair:1   | XOM: summons friendly ufetubus
 15090 | Lair:1   | Reached skill level 7 in Transmutations
 15093 | Lair:1   | XOM: swap monsters
 15114 | Lair:1   | XOM: butterfly on damage
 15138 | Lair:1   | XOM: torment (11/50 hp)
 15238 | Lair:1   | XOM: harmless Conj miscast
 15312 | Lair:1   | XOM: summons 1 hostile shadow creature
 15545 | Lair:1   | Learned a level 3 spell: Dazzling Spray
 15766 | Lair:1   | XOM: give mutations
 15766 | Lair:1   | Lost mutation: Your flesh is heat resistant. (rF+) [Xom's mischief]
 15766 | Lair:1   | Gained mutation: You are dopey. (Int -2) [Xom's mischief]
 15969 | Lair:1   | XOM: butterfly on damage
 16096 | Lair:1   | XOM: mild Ice miscast
 16157 | Lair:1   | XOM is BORED!
 16157 | Lair:1   | XOM: torment (19/50 hp)
 16159 | Lair:1   | XOM: mild Erth miscast
 16381 | Lair:1   | XOM: cleaving
 16382 | Lair:1   | XOM: harmless Ice miscast
 16396 | Lair:1   | XOM: summons 2 hostile shadow creatures
 16405 | Lair:1   | XOM: cast spell 'Dispersal'
 16421 | Lair:1   | XOM: confuse monster(s)
 16437 | Lair:1   | Reached skill level 8 in Transmutations
 16455 | Lair:1   | XOM: destruction
 16866 | Lair:2   | XOM is BORED!
 16866 | Lair:2   | XOM: 1-stop teleportation journey
 16867 | Lair:2   | Noticed a seven-headed hydra
 16869 | Lair:2   | XOM: mild Fire miscast
 16890 | Lair:2   | XOM: blink monster(s)
 16964 | Lair:2   | XOM: 1-stop teleportation journey
 16975 | Lair:2   | XOM: confusion
 17139 | Lair:1   | XOM: enchant monster (bad)
 17294 | Lair:1   | XOM: silly message
 17324 | Lair:1   | XOM: harmless Ice miscast
 17324 | Lair:1   | HP: 2/50 [seven-headed hydra (18)]
 17324 | Lair:1   | XOM: butterfly on damage
 17324 | Lair:1   | Slain by a seven-headed hydra
 17325 | Lair:1   | Reached XP level 10. HP: -5/47 MP: 24/25
 17349 | Lair:1   | XOM: cleaving
 17351 | Lair:1   | XOM: divination: magic mapping
 17362 | Lair:1   | XOM: destruction
 17364 | Lair:1   | Mangled by a seven-headed hydra
 17365 | Lair:1   | Reached XP level 9. HP: -6/43 MP: 24/24
 17553 | Lair:2   | XOM: enchant monster (good)
 17557 | Lair:2   | Reached XP level 10. HP: 47/47 MP: 23/25
 17578 | Lair:2   | Noticed a spiny frog
 17588 | Lair:2   | Killed a spiny frog
 17674 | Lair:2   | XOM: 3-stop teleportation journey
 17774 | Lair:2   | XOM: summons friendly iron imp
 17776 | Lair:2   | XOM: fake destruction
 17779 | Lair:2   | XOM: cleaving
 17790 | Lair:2   | XOM: fog
 17813 | Lair:1   | XOM: divination: detect creatures
 18239 | Lair:2   | XOM: mild Pois miscast
 18305 | Lair:2   | Reached skill level 9 in Transmutations
 18306 | Lair:2   | Noticed a black mamba
 18306 | Lair:2   | a blink frog changed into a black mamba
 18306 | Lair:2   | XOM: polymorph blink frog -> black mamba
 18307 | Lair:2   | XOM: harmless Fire miscast
 18341 | Lair:2   | Killed a black mamba
 18493 | Lair:2   | XOM: give mutations
 18493 | Lair:2   | Lost mutation: You evolve. [Xom's mischief]
 18493 | Lair:2   | Lost mutation: You have an increased reservoir of magic. (+10% MP) [Xom's mischief]
 18493 | Lair:2   | Lost mutation: Your muscles are very strong. (Str +4) [Xom's mischief]
 18493 | Lair:2   | Lost mutation: Your muscles are strong. (Str +2) [Xom's mischief]
 18595 | Lair:3   | Noticed a seven-headed hydra
 18712 | Lair:3   | Noticed a six-headed hydra
 18733 | Lair:2   | XOM: medium Necr miscast
 18904 | Lair:2   | XOM: god gift: 13 royal jellies
 18956 | Lair:2   | XOM: fog
 18970 | Lair:2   | XOM: summons 2 friendly demons
 18974 | Lair:2   | XOM: cleaving
 18980 | Lair:2   | XOM: scenery: create altars
 19099 | Lair:2   | XOM: destruction
 19274 | Lair:2   | XOM: god gift: scroll labeled YNEYTA JIEWAFOBB {god gift}
 19539 | Lair:3   | Noticed Gastronok
 19539 | Lair:3   | Reached skill level 10 in Transmutations
 19545 | Lair:3   | XOM: enchant monster (good)
 19577 | Lair:3   | Noticed a black mamba
 19795 | Lair:3   | XOM: enchant monster (good)
 19802 | Lair:3   | Killed a black mamba
 19828 | Lair:3   | Reached XP level 11. HP: 43/50 MP: 25/25
 19884 | Lair:3   | Killed a six-headed hydra
 19967 | Lair:3   | XOM: summons friendly red devil
 19968 | Lair:3   | XOM: scenery: create altars
 19971 | Lair:3   | XOM: scenery: create altars
 19975 | Lair:3   | XOM: cast spell 'Olgreb's Toxic Radiance'
 19981 | Lair:3   | XOM: enchant monster (good)
 20003 | Lair:3   | XOM: give mutations
 20003 | Lair:3   | Gained mutation: You expend magic power (3 MP) to strengthen your wands. [Xom's mischief]
 20003 | Lair:3   | Gained mutation: Your flesh is heat resistant. (rF+) [Xom's mischief]
 20003 | Lair:3   | Lost mutation: You are partially covered in molten scales. (AC +2) [Xom's mischief]
 20213 | Lair:2   | XOM: harmless Pois miscast
 20444 | Lair:4   | Noticed a six-headed hydra
 20468 | Lair:4   | Killed a six-headed hydra
 20513 | Lair:4   | Reached skill level 11 in Transmutations
 20563 | Lair:4   | Noticed a catoblepas
 20729 | Lair:4   | XOM: stat loss: -1 Str (7/8)
 20746 | Lair:4   | Wingboner: Кревед. Я тут в консоли бегаю, тут призрак кота. Уже начал убивать, когда внезапно понял, ЧЕЙ призрак.
 20759 | Lair:4   | HP: 1/75 [water moccasin (4)]
 20760 | Lair:4   | namelastname112: хех
 20760 | Lair:4   | namelastname112: ща походу еще призрак будет
 20760 | Lair:4   | Succumbed to a spiny frog's poison

Vault maps used:
D:1:      sevenhm_arrival_forest_fort_small_4
D:2:      first_bread, elyvilon_altar_3, uniq_crazy_yiuf_cottage
D:3:      nrook_mini_vaults
D:4:      kennysheep_cross_room, uniq_sigmund
D:6:      chequers_temple_overflow_minitemple, lemuel_coloured_pillars_altar,
          kennysheep_mini, minitemple, minmay_temple_entry_statues_fountains
D:7:      lemuel_crystal_altar, serial_shops, shop,
          nicolae_shop_competitors_out_of_business, shop, shop
D:8:      kennysheep_little_box, due_lair_maze_entry_diamond, uniq_maurice
D:9:      xom_butterflies, basic_altar, serial_co_window_serial,
          co_window_corner_a, co_window_paths_a, co_window_of_opportunity_a,
          co_window_corner_a, co_window_corner_a, co_window_cross_1,
          co_window_corner_a, co_window_of_opportunity_a, co_window_paths_a,
          co_window_corner_ca, co_window_cross_4, co_window_corner_b,
          co_window_corner_b, glass_columns_a, serial_shops, shop,
          nicolae_shop_trees, shop
D:10:     uniq_harold
D:11:     orc_0_dummy, serial_shops, shop, uniq_fannar
Lair:1:   st_stairs_5
Lair:2:   minmay_hedge_maze, lemuel_fruit_tree
Lair:3:   shoals_dummy_entry, fungi_pond_lemuel, serial_bayou_shore_b,
          serial_bayou_shore_b, grunt_megastairs_4, uniq_gastronok
Lair:4:   lemuel_slime, nicolae_spider_entry_orb_guardian,
          minmay_lair_oklob_chamber

Skill      XL: |  1  2  3  4  5  6  7  8  9 10 11 |
---------------+----------------------------------+-----
Stealth        | 1 2 3 4 6 7 9 |  9.6
Dodging        | 4 5 7 9 |  9.5
Unarmed Combat | 4 5 6 7 8 |  8.0
Evocations     | 1 2 3 |  3.1
Fighting       | 4 5 6 7 |  7.6
Spellcasting   | 2 4 5 9 8 |  9.6
Hexes          | 3 6 7 |  7.7
Transmutations | 10 11 | 11.1

Action                   |  1- 3 |  4- 6 |  7- 9 | 10-12 || total
-------------------------+-------+-------+-------+-------++-------
Melee: Unarmed           |   128 |   201 |   311 |   732 ||  1372
       Bite              |    10 |    13 |    40 |   120 ||   183
       Punch             |       |     4 |    13 |    34 ||    51
 Cast: Confusing Touch   |       |       |     8 |    72 ||    80
       Dazzling Spray    |       |       |       |    14 ||    14
 Abil: Evoke Berserk Rag |     3 |     7 |     4 |     2 ||    16
       Evoke Flight      |       |       |     1 |       ||     1
Evoke: Wand              |       |       |     1 |    29 ||    30
       Box of beasts     |       |       |       |     1 ||     1
  Use: Scroll            |       |       |    15 |    10 ||    25
       Potion            |       |       |       |     6 ||     6
 Stab: Sleeping          |     3 |     7 |    18 |    37 ||    65
       Distracted        |       |     3 |       |     4 ||     7
       Confused          |       |       |    10 |    37 ||    47
       Invisible         |       |       |       |     1 ||     1
       Petrifying        |       |       |       |     1 ||     1
       Petrified         |       |       |       |     1 ||     1
       Betrayed ally     |       |       |       |     1 ||     1
       Paralysed         |       |       |       |     1 ||     1
  Eat: Chunk             |    12 |    10 |    19 |    25 ||    66
Armor: Skin              |     7 |    31 |    33 |    45 ||   116
Dodge: Dodged            |    88 |   177 |   275 |   698 ||  1238
